 Dungeon Crawl Stone Soup version 0.20.1-1-g8b1a95d (webtiles) character file.

32 jmlagarto the Covered (level 3, -8/33 HPs)
             Began as a Minotaur Fighter on Aug 10, 2017.
             Mangled by a tentacled starspawn (20 damage)
             ... on level 1 of the Abyss.
             The game lasted 00:02:38 (427 turns).

jmlagarto the Covered (Minotaur Fighter)             Turns: 427, Time: 00:02:39

Health: -8/33      AC: 11    Str: 21    XL:     3   Next: 8%
Magic:  2/2        EV:  5    Int:  5    God:
Gold:   26         SH:  9    Dex:  9    Spells: 2/2 levels left

rFire    . . .     SeeInvis .   a - +0 war axe
rCold    . . .     Gourm    .   c - +0 shield
rNeg     . . .     Faith    .   h - +0 chain mail
rPois    .         Spirit   .   (helmet restricted)
rElec    .         Reflect  .   (no cloak)
rCorr    .         Harm     .   (no gloves)
MR       .....                  e - +1 pair of boots
Stlth    ..........             (no amulet)
Regen    0.2/turn               (no ring)
MPRegen  0.1/turn               (no ring)

@: no status effects
A: retaliatory headbutt, horns 2
a: no special abilities


You were on level 1 of the Abyss.
You were not hungry.

You visited 1 branch of the dungeon, and saw 1 of its levels.
You visited the Abyss 1 time.

You collected 26 gold pieces.

Inventory:

Hand Weapons
 a - a +0 war axe (weapon)
Armour
 b - a +0 scale mail
 c - a +0 shield (worn)
 e - a +1 pair of boots (worn)
 h - a +0 chain mail (worn)
Potions
 d - a potion of might
 g - 2 potions of flight
 k - a potion of resistance {unknown}
 l - a potion of curing {unknown}
Comestibles
 f - a bread ration
 m - a royal jelly


   Skills:
 + Level 4.1 Fighting
 + Level 2.7 Axes
 + Level 4.2 Armour
 + Level 4.1 Shields


You had 2 spell levels left.
You didn't know any spells.

Dungeon Overview and Level Annotations

Branches:
Dungeon (1/15)

Altars:


Innate Abilities, Weirdness & Mutations

You reflexively headbutt those who attack you in melee.
You have a pair of horns on your head.


Message History

You escape the starspawn tentacle's grasp.
The starspawn tentacle grabs you. The starspawn tentacle constricts you.
You escape the starspawn tentacle's grasp.
The starspawn tentacle grabs you. The starspawn tentacle constricts you.
You escape the starspawn tentacle's grasp.
The starspawn tentacle grabs you. The starspawn tentacle constricts you.
The starspawn tentacle's grasp on you weakens, but your attempt to escape fails.
The starspawn tentacle loses its grip on you.
The tentacle pulls you backwards!
You barely miss the large abomination. The large abomination hits you!
You hit the tentacled starspawn. You headbutt the tentacled starspawn!
The tentacled starspawn is lightly damaged.
Tentacles burst from the starspawn's body! 2 starspawn tentacles come into view.
You barely miss the tentacled starspawn.
Your headbutt misses the tentacled starspawn.
The tentacled starspawn is lightly damaged.
You hit the starspawn tentacle. The tentacled starspawn bites you!!
Ouch! That really hurt!
You die...

. .. .# ##.### # .#
#..#### ##.
#.##.#...─## ..
#.#...#§# > #.
#....... # .
#....w.#.. .#. #
#########.##X#####..
#..##@##.##. ...
.###
###.X#.##..#...# ..
##.###... #.#..#. #
#.§# ..# ##...#. . #
##§ #.## #. .... # #
.. ###.#..# #.#.# ##
## . ... ..


You could see a tentacled starspawn.

Vanquished Creatures
  A shadow imp (Abyss:1)
  A dart slug (D:1)
  2 ball pythons (D:1)
  A giant cockroach (D:1)
  2 goblins (D:1)
  A hobgoblin (D:1)
  3 jackals (D:1)
  3 kobolds (D:1)
  3 bats (D:1)
  3 frilled lizards (D:1)
  3 rats (D:1)
23 creatures vanquished.

Vanquished Creatures (others)
  8 starspawn tentacles (Abyss:1)
8 creatures vanquished.

Grand Total: 31 creatures vanquished

Notes
Turn   | Place    | Note
-------+----------+-------------------------------------------
     0 | D:1      | jmlagarto the Minotaur Fighter began the quest for the Orb.
     0 | D:1      | Reached XP level 1. HP: 19/19 MP: 0/0
    35 | D:1      | Reached XP level 2. HP: 27/27 MP: 1/1
   223 | D:1      | Cast into level 1 of the Abyss (kobold)
   269 | Abyss:1  | Noticed a large abomination
   364 | Abyss:1  | Reached XP level 3. HP: 23/33 MP: 2/2
   404 | Abyss:1  | Noticed a large abomination
   409 | Abyss:1  | Noticed a tentacled starspawn
   427 | Abyss:1  | Mangled by a tentacled starspawn

Skill      XL: |  1  2 |
---------------+-------+-----
Fighting       | 4 |  4.1
Armour         | 4 |  4.2
Shields        | 4 |  4.1
Axes           | |  2.7

Action                   || total
-------------------------++-------
Melee: War axe           ||    43
       Headbutt          ||     9
  Use: Scroll            ||     4
Armor: Scale mail        ||    10
       Chain mail        ||    19
Dodge: Dodged            ||     6
Block: Shield            ||    19
